 Dungeon Crawl Stone Soup version 0.30.1-11-g7821555f0a (webtiles) character file.

Game seed: 12449801544745106966

1602 BiteMe the Firebug (level 8, -2/57 HPs)
             Began as a Demonspawn Fire Elementalist on Dec 23, 2023.
             Was an Initiate of Vehumet.
             Slain by a hound (5 damage)
             ... on level 7 of the Dungeon.
             The game lasted 01:02:20 (7343 turns).

BiteMe the Firebug (Demonspawn Fire Elementalist)   Turns: 7343, Time: 01:02:21

Health: -2/57      AC:  4    Str: 16    XL:     8   Next: 62%
Magic:  4/15       EV: 12    Int: 18    God:    Vehumet [......]
Gold:   420        SH:  4    Dex: 13    Spells: 13/16 levels left

rFire   . . .        c - staff of conjuration
rCold   . . .        (no shield)
rNeg    . . .        d - +0 leather armour
rPois   .            (no helmet)
rElec   .            (no cloak)
rCorr   .            p - +0 pair of gloves
SInv    .            (boots unavailable)
Will    .....        (no amulet)
Stlth   ++           j - +6 ring of strength
HPRegen 0.29/turn    (no ring)
MPRegen 0.14/turn

%: no passive effects
@: studying Air Magic
A: hooves 3, large bone plates 1, ignite blood 1
a: Renounce Religion


You were on level 7 of the Dungeon.
You worshipped Vehumet.
Vehumet was noncommittal.
You visited 2 branches of the dungeon, and saw 8 of its levels.
You also visited: Ossuary.

You collected 420 gold pieces.

Inventory:

Hand Weapons
 e - a +0 short sword
 h - a +2 dagger of speed
 m - a +0 dagger of speed
 r - a +0 long sword
 t - a +1 heavy falchion
 y - a +0 rapier
 C - a +1 short sword of draining
Armour
 d - a +0 leather armour (worn)
 l - a +0 ring mail
 p - a +0 pair of gloves (worn)
 A - a +1 scale mail of fire resistance
Magical Staves
 c - a staff of conjuration (weapon)
Jewellery
 j - a +6 ring of strength (left hand)
 n - a ring of flight
Wands
 o - a wand of quicksilver (3)
 D - a wand of polymorph (10)
 F - a wand of flame (20)
Scrolls
 b - 2 scrolls of blinking
 f - a scroll of fog
 i - 2 scrolls of poison
 u - 2 scrolls of teleportation
 v - a scroll of magic mapping
 z - a scroll of fear
 B - a scroll of immolation
Potions
 a - a potion of flight {unknown}
 g - 2 potions of haste {unknown}
 k - 3 potions of invisibility {unknown}
 q - 2 potions of brilliance {unknown}
 s - a potion of heal wounds
 w - 3 potions of lignification {unknown}
 x - 3 potions of curing {unknown}
 E - a potion of magic


   Skills:
 * Level 2.4 Fighting
 + Level 1.4 Staves
 - Level 1.3 Armour
 * Level 3.7 Dodging
 - Level 1.7 Stealth
 + Level 0.5 Shields
 + Level 4.8 Spellcasting
 * Level 4.7 Conjurations
 * Level 6.5 Fire Magic


You had 13 spell levels left.
You knew the following spells:

 Your Spells              Type           Power      Damage    Failure   Level
a - Foxfire               Conj/Fire      100%       2x1d9     1%          1
b - Scorch                Fire           56%        2d7       1%          2

Your spell library contained the following spells:

 Spells                   Type           Power      Damage    Failure   Level
 Momentum Strike          Conj/Tloc      38%        3d9       10%         2
 Inner Flame              Hex/Fire       16%        N/A       13%         3
 Volatile Blastmotes      Fire/Tloc      32%        2d12      13%         3
 Flame Wave               Conj/Fire      37%        2d10      16%         4
 Slow                     Hex            16%        N/A       17%         1
 Blink                    Tloc           8%         N/A       26%         2
 Lesser Beckoning         Tloc           8%         N/A       26%         2
 Confusing Touch          Hex            4%         N/A       45%         3
 Vampiric Draining        Necr           4%         2d6       45%         3


Dungeon Overview and Level Annotations

Branches:
Dungeon (7/15)             Temple (1/1) D:6         Ossuary (visited)

Altars:
Dithmenos
Gozag
Hepliaklqana
Nemelex Xobeh
Okawaru
Qazlal
Vehumet
Yredelemnul


Innate Abilities, Weirdness & Mutations

You have hooves in place of feet.
You are partially covered in large bone plates. (SH +4)
Your demonic aura sometimes causes spilled blood to erupt in flames.


Message History

The bullfrog hits you but does no damage.
The steam dragon bites you.
* * * LOW HITPOINT WARNING * * *
The steam dragon claws you but does no damage.
The bullfrog hits you.
* * * LOW HITPOINT WARNING * * *
The hound closely misses you.
Blink to where?
Press: ? - help, Dir - move target
Found 2 coppery potions.
As you read the scroll of blinking, it crumbles to dust.
A jelly comes into view.
You see here 2 coppery potions.
The jelly quivers.
A hound comes into view.
The jelly hits you but does no damage.
Found a granite ring.
The hound barks!
You block the jelly's attack.
Found a scroll of immolation.
The jelly closely misses you. The hound attacks as you move away!
The hound barely misses you.
Found 19 gold pieces.
The hound attacks as you move away! You block the hound's attack.
The hound barely misses you.
Found a plate armour.
The jelly attacks as you move away! The jelly completely misses you.
The hound bites you.
* * * LOW HITPOINT WARNING * * *
The hound attacks as you move away! The hound bites you but does no damage.
The hound barely misses you. The jelly hits you.
* * * LOW HITPOINT WARNING * * *
You are splashed with acid!
* * * LOW HITPOINT WARNING * * *
You see here a +6 ring of intelligence.
The jelly attacks as you move away! The jelly barely misses you.
The hound misses you. The hound attacks as you move away! The hound bites you.
* * * LOW HITPOINT WARNING * * *
The hound attacks as you move away! The hound bites you.
You die...

..# #.#... #.#..# #.#..# #
#.#..# .# #.#..# .# .. #
#.#..# .## #.. #[##@#..#
.+. #..#...hhJ.# .#..
#.####F...##### ....
###.?.##.....$.... .#..
...........###.###
.#.###########..#........
.........!..........###...
....#########..........
....# #...........


You could see a bullfrog, 2 hounds and a jelly.

Vanquished Creatures
  Eustachio (D:4)
  A water moccasin (D:5)
  A sky beast (D:6)
  An ice beast (D:6)
  An orc warrior (D:6)
  An ogre (D:4)
  2 centaurs (D:6)
  A kobold brigand (D:6)
  2 phantoms
  A bullfrog (D:6)
  3 scorpions
  A hound (D:5)
  2 jellies (D:6)
  An orc priest (D:6)
  An iguana (D:4)
  Terence (D:2)
  A hound zombie (Ossuary)
  4 mummies (Ossuary)
  6 adders
  2 dart slugs
  11 orcs
  4 ball pythons (D:1)
  7 endoplasms
  5 giant cockroaches
  7 hobgoblins
  12 kobolds
  3 quokkas
  4 bats
  A frilled lizard (D:2)
  3 gnoll zombies (Ossuary)
  14 goblins
  2 goblin zombies (Ossuary)
  2 hobgoblin zombies (Ossuary)
  2 jackal zombies (Ossuary)
  A quokka zombie (D:4)
  2 rats (D:1)
  3 rat zombies
117 creatures vanquished.

Vanquished Creatures (others)
  301 foxfires
301 creatures vanquished.

Grand Total: 418 creatures vanquished

Notes
Turn   | Place    | Note
-------+----------+-------------------------------------------
     0 | D:1      | BiteMe the Demonspawn Fire Elementalist began the quest for
                  | the Orb.
     0 | D:1      | Reached XP level 1. HP: 13/13 MP: 3/3
   717 | D:1      | Gained mutation: You have large cloven feet. [demonic
                  | ancestry]
   717 | D:1      | Reached XP level 2. HP: 19/19 MP: 3/5
   740 | D:1      | Learned a level 2 spell: Scorch
   838 | D:1      | Reached skill level 3 in Fire Magic
  1310 | D:2      | Gained mutation: You have hoof-like feet. [demonic
                  | ancestry]
  1310 | D:2      | Reached XP level 3. HP: 24/24 MP: 3/6
  1478 | D:2      | Noticed Terence
  1576 | D:2      | Reached skill level 1 in Armour
  2200 | D:2      | Found a faded altar of an unknown god.
  2294 | D:3      | Reached XP level 4. HP: 30/30 MP: 1/7
  2677 | D:3      | Found a shadowy altar of Dithmenos.
  3093 | D:4      | Noticed Eustachio
  3139 | D:4      | Found a sand-covered staircase.
  3147 | Ossuary  | Entered an ossuary
  3291 | Ossuary  | Gained mutation: You have hooves in place of feet. [demonic
                  | ancestry]
  3291 | Ossuary  | Reached XP level 5. HP: 30/35 MP: 5/9
  3409 | Ossuary  | Reached skill level 4 in Fire Magic
  4257 | D:4      | Noticed an ogre
  4263 | D:4      | Killed an ogre
  4264 | D:4      | Gained mutation: You are partially covered in large bone
                  | plates. (SH +4) [demonic ancestry]
  4264 | D:4      | Reached XP level 6. HP: 41/41 MP: 2/10
  4522 | D:4      | Killed Eustachio
  4523 | D:4      | Reached skill level 1 in Staves
  4523 | D:4      | Reached XP level 7. HP: 23/46 MP: 0/12
  5056 | D:2      | Killed Terence
  5057 | D:2      | Reached skill level 5 in Fire Magic
  5292 | D:5      | Entered Level 5 of the Dungeon
  5466 | D:5      | Found an iron altar of Okawaru.
  5705 | D:6      | Reached skill level 1 in Fighting
  5796 | D:6      | Gained mutation: Your demonic aura sometimes causes spilled
                  | blood to erupt in flames. [demonic ancestry]
  5796 | D:6      | Reached XP level 8. HP: 43/54 MP: 7/14
  6310 | D:6      | Reached skill level 6 in Fire Magic
  6456 | D:6      | Found a staircase to the Ecumenical Temple.
  6462 | Temple   | Entered the Ecumenical Temple
  6483 | Temple   | Became a worshipper of Vehumet
  7343 | D:7      | Slain by a hound

Illustrated notes

Levels and vault maps discovered:
D:1:      onia_arrival_mini_maze, layout_loops_ring, serial_park_tiny_pond,
          minmay_tetromino_s2
D:2:      layout_rooms, dreamdust_ecumenical_altar_hidden_monk_grotto,
          minmay_ruptured, uniq_terence
D:3:      layout_rooms, grunt_dithmenos_smoke, elyvilon_altar_3
D:4:      layout_layer_cave, tso_metal_star, enter_ossuary_4,
          hangedman_abyss_or_decor_lesser_grid, grunt_ministairs_8,
          uniq_eustachio
D:5:      layout_basic, kennysheep_okawaru_gauntlet
D:6:      layout_cave_pools, minmay_temple_entry_fiery, serial_park_tiny_pond,
          grunt_ministairs_10, minmay_manual_mares
D:7:      dreamdust_elfheim, layout_basic, kennysheep_slug_shrine, demons_altar,
          nzn_wu_jian_council_hall
Temple:   hellmonk_temple_of_storms

Skill      XL: |  1  2  3  4  5  6  7  8 |
---------------+-------------------------+-----
Fire Magic     | 3 4 5 6 |  6.5
Conjurations   | 2 3 4 |  4.7
Armour         | 1 |  1.3
Dodging        | 2 3 |  3.7
Spellcasting   | 3 4 |  4.8
Staves         | 1 |  1.4
Fighting       | 1 2 |  2.4
Stealth        | |  1.7
Shields        | |  0.5

Action                     |  1- 3 |  4- 6 |  7- 9 || total
---------------------------+-------+-------+-------++-------
  Melee: Staff             |    13 |    32 |    22 ||    67
         Kick              |     3 |     7 |     6 ||    16
   Cast: Foxfire           |    43 |    76 |    63 ||   182
         Scorch            |     2 |    14 |    18 ||    34
    Use: Scroll            |       |     8 |     4 ||    12
         Potion            |       |     4 |     6 ||    10
 Armour: Leather armour    |     1 |    22 |    19 ||    42
  Dodge: Dodged            |    11 |    28 |    45 ||    84
  Block: Other             |       |     1 |    14 ||    15
